 Dungeon Crawl Stone Soup version 0.23-a0-480-g1869896 (webtiles) character file.

372 Gildeon the Insei (level 6, -1/41 HPs)
             Began as an Octopode Transmuter on Nov 27, 2018.
             Splashed by a jelly's acid (9 damage)
             ... on level 5 of the Dungeon on Nov 28, 2018.
             The game lasted 00:20:43 (4351 turns).

Gildeon the Insei (Octopode Transmuter)             Turns: 4351, Time: 00:20:45

Health: -1/41      AC: -10   Str: 10    XL:     6   Next: 71%
Magic:  10/10      EV: 14    Int: 16    God:
Gold:   160        SH:  0    Dex: 13    Spells: 1/11 levels left

rFire    + . .     SeeInvis +     - Unarmed
rCold    . . .     Gourm    .   (no shield)
rNeg     . . .     Faith    .   e - +1 hat
rPois    .         Spirit   .   (no amulet)
rElec    .         Reflect  .   f - ring of see invisible
rCorr    .         Harm     .   k - ring of protection from fire
MR       .....                  (no ring)
Stlth    +++.......             (no ring)
HPRegen  0.13/turn              (no ring)
MPRegen  0.12/turn              (no ring)
                                (no ring)
                                (no ring)

@: corroded
A: almost no armour, stealthy swim, amphibious, 8 rings, constrict 8, camouflage
1, gelatinous body 1
a: no special abilities


You were on level 5 of the Dungeon.
You were not hungry.

You visited 1 branch of the dungeon, and saw 5 of its levels.

You collected 160 gold pieces.

Inventory:

Missiles
 a - 50 arrows
Armour
 e - a +1 hat (worn)
Jewellery
 f - a ring of see invisible (left tentacle)
 k - a ring of protection from fire (right tentacle)
Wands
 d - a wand of iceblast (14)
Scrolls
 b - 7 scrolls of teleportation
 g - a scroll of fear
 o - a scroll of fog {unknown}
Potions
 h - a potion of haste
 i - a potion of curing
 j - a potion of lignification {unknown}
 l - 2 potions of heal wounds
 m - a potion of flight {unknown}
Comestibles
 c - 12 rations
 n - a chunk of flesh


   Skills:
 + Level 2.6 Fighting
 + Level 3.2 Dodging
 + Level 3.4 Stealth
 + Level 4.0 Unarmed Combat
 + Level 3.0 Spellcasting
 + Level 3.2 Transmutations
 + Level 1.7 Poison Magic


You had one spell level left.
You knew the following spells:

 Your Spells              Type           Power        Failure   Level  Hunger
a - Beastly Appendage     Tmut           ##....       4%          1    #......
b - Sticks to Snakes      Tmut           ##......     8%          2    ##.....
c - Spider Form           Tmut/Pois      ##........   21%         3    ###....
d - Ice Form              Ice/Tmut       #.......     67%         4    #####..

Your spell library contained the following spells:

 Spells                   Type           Power        Failure   Level  Hunger
 Blade Hands              Tmut           ##........   80%         5    ######.


Dungeon Overview and Level Annotations

Branches:
Dungeon (5/15)
 Temple: D:4-7

Altars:
Ashenzari
Gozag
Nemelex Xobeh
Trog
Vehumet


Innate Abilities, Weirdness & Mutations

You cannot wear most types of armour.
You are very stealthy in the water. (Stealth+)
You are amphibious.
You can wear up to eight rings at the same time.
You can use your tentacles to constrict eight enemies at once.
Your skin changes colour to match your surroundings (Stealth+).
Your rubbery body absorbs attacks. (AC +1, EV +1)


Message History

You tentacle-slap the jelly but do no damage.
Your tentacles burn!
The jelly is heavily wounded.
The jelly barely misses you.
You tentacle-slap the jelly.
Your tentacles burn!
The jelly is heavily wounded.
The jelly hits you. The acid corrodes you!
You are splashed with acid!
The acid burns!
You tentacle-slap the jelly but do no damage.
Your tentacles burn!
You squeeze the jelly.
The jelly is severely wounded.
The jelly misses you.
You tentacle-slap the jelly but do no damage.
The acid corrodes you!
Your tentacles burn!
* * * LOW HITPOINT WARNING * * *
The jelly is severely wounded.
The jelly hits you.
* * * LOW HITPOINT WARNING * * *
You are splashed with acid!
The acid burns!
You die...

#######.## ##.##
#########......## ##.# ##
#......##.##.#..## ##.##
.###.###...#.#.###..###.##
..##.##.......# ##..#.##
...#.###...#.#.###.##.##
....).....##.##.#.#####
...#.###.....# #.##
.รท##.####.#### #@#
.###......## #J# ##
#####...## #.# # ##.(...##
#.# ## ##.......###..
.####.........####
....'.........+
.####....<....#
(.####.......##


You could see a jelly.

Vanquished Creatures
  An ice beast (D:5)
  A scorpion (D:4)
  A howler monkey (D:5)
  A bullfrog skeleton (D:5)
  Terence (D:2)
  A worker ant (D:5)
  6 adders
  2 worms (D:2)
  5 dart slugs
  3 leopard geckos
  6 orcs
  3 giant cockroaches
  10 hobgoblins
  4 jackals (D:1)
  2 quokkas
  3 ball pythons
  7 bats
  6 frilled lizards
  6 goblins
  7 kobolds
  7 rats
83 creatures vanquished.

Vanquished Creatures (collateral kills)
  2 orcs (D:5)
2 creatures vanquished.

Grand Total: 85 creatures vanquished

Notes
Turn   | Place    | Note
-------+----------+-------------------------------------------
     0 | D:1      | Gildeon the Octopode Transmuter began the quest for the
                  | Orb.
     0 | D:1      | Reached XP level 1. HP: 13/13 MP: 3/3
   366 | D:1      | Reached XP level 2. HP: 18/18 MP: 5/5
   387 | D:1      | Learned a level 2 spell: Sticks to Snakes
   682 | D:1      | Reached skill level 1 in Stealth
   785 | D:1      | Reached XP level 3. HP: 11/23 MP: 4/6
   960 | D:1      | Learned a level 3 spell: Spider Form
  1407 | D:2      | Found a radiant altar of Vehumet.
  1417 | D:2      | Noticed Terence
  1595 | D:2      | Reached XP level 4. HP: 29/29 MP: 7/7
  2147 | D:2      | Killed Terence
  2698 | D:3      | Found an opulent altar of Gozag.
  2774 | D:3      | Reached XP level 5. HP: 29/34 MP: 8/8
  2811 | D:3      | Found a shattered altar of Ashenzari.
  3202 | D:3      | Found a bloodstained altar of Trog.
  3781 | D:4      | Reached skill level 1 in Poison Magic
  3905 | D:5      | Entered Level 5 of the Dungeon
  3963 | D:5      | Reached XP level 6. HP: 39/39 MP: 8/10
  3977 | D:5      | Noticed an ice beast
  4003 | D:5      | Killed an ice beast
  4014 | D:5      | Learned a level 4 spell: Ice Form
  4079 | D:5      | Upgraded the game from 0.23-a0-473-gc8aadda to
                  | 0.23-a0-480-g1869896
  4210 | D:5      | Found a sparkling altar of Nemelex Xobeh.
  4332 | D:5      | Reached skill level 4 in Unarmed Combat
  4351 | D:5      | Splashed by a jelly's acid

Vault maps used:
D:1:      dpeg_arrival_central
D:2:      vehumet_crystals, first_ration, uniq_terence
D:3:      lemuel_doored_altar, nicolae_gozag_seed_capital,
          cheibrodos_ashenzari_chains
D:5:      lightli_temple_of_fire, nemelex_xobeh_ov_fountains_minmay

Skill      XL: |  1  2  3  4  5  6 |
---------------+-------------------+-----
Stealth        | 1 2 3 |  3.4
Fighting       | 2 |  2.6
Poison Magic   | 1 |  1.7
Dodging        | 3 |  3.2
Transmutations | 3 |  3.2
Unarmed Combat | 4 |  4.0
Spellcasting   | 3 |  3.0

Action                   |  1- 3 |  4- 6 || total
-------------------------+-------+-------++-------
Melee: Unarmed           |    87 |   145 ||   232
       Punch             |     2 |     4 ||     6
       Constrict         |    22 |    33 ||    55
       Kick              |     5 |    19 ||    24
       Tentacles         |    16 |    17 ||    33
 Cast: Beastly Appendage |     4 |     9 ||    13
       Sticks to Snakes  |       |     8 ||     8
  Use: Scroll            |     4 |     4 ||     8
 Stab: Sleeping          |     6 |     4 ||    10
       Distracted        |       |     1 ||     1
  Eat: Chunk             |     2 |     9 ||    11
Armor: Skin              |    10 |    16 ||    26
Dodge: Dodged            |    60 |   106 ||   166

Table legend:
 A = Non-vault XP
 B = Vault XP
 C = Vault XP percentage of total XP
 D = Non-vault monster count
 E = Vault monster count
 F = Vault count percentage of total count
                 A         B        C        D         E       F
            +---------+---------+-------+---------+---------+-------
      Total |     496 |      36 |   6.8 |      84 |       1 |   1.2
            +---------+---------+-------+---------+---------+-------
        D:1 |      46 |       0 |   0.0 |      25 |       0 |   0.0
        D:2 |      75 |      36 |  32.4 |      23 |       1 |   4.2
        D:3 |      47 |       0 |   0.0 |      18 |       0 |   0.0
        D:4 |      94 |       0 |   0.0 |       7 |       0 |   0.0
        D:5 |     234 |       0 |   0.0 |      11 |       0 |   0.0
            +---------+---------+-------+---------+---------+-------
